 Dungeon Crawl Stone Soup version 0.28.0-53-g5a82cb258f (webtiles) character file.

Game seed: 9335716215639024664

1740 H0rd4k the Cudgeller (level 9, -4/66 HPs)
             Began as a Human Artificer on July 18, 2022.
             Slain by an orc warrior
             ... wielding a +0 war axe
              (11 damage)
             ... in a bailey on July 19, 2022.
             The game lasted 00:10:40 (9449 turns).

H0rd4k the Cudgeller (Human Artificer)              Turns: 9449, Time: 00:10:40

Health: -4/66      AC:  4    Str: 13    XL:     9   Next: 26%
Magic:  10/10      EV: 18    Int: 16    God:
Gold:   252        SH:  0    Dex: 19    Spells: 3/10 levels left

rFire   . . .      SeeInvis .   r - +4 mace (vorpal)
rCold   . . .      Faith    .   (no shield)
rNeg    . . .      Spirit   .   b - +1 leather armour
rPois   .          Reflect  .   (no helmet)
rElec   .          Harm     .   (no cloak)
rCorr   .          Rampage  .   (no gloves)
Will    .....                   (no boots)
Stlth   ++........              (no amulet)
HPRegen 0.21/turn               s - +4 ring of evasion
MPRegen 0.12/turn               p - +6 ring of dexterity

@: no status effects
A: no striking features
a: no special abilities


You were in a bailey.
You visited 2 branches of the dungeon, and saw 9 of its levels.
You also visited: Bailey.

You collected 252 gold pieces.

Inventory:

Hand Weapons
 h - a +1 mace
 r - a +4 vorpal mace (weapon)
Missiles
 f - 7 poisoned darts
Armour
 b - a +1 leather armour (worn)
Jewellery
 p - a +6 ring of dexterity (right hand)
 s - a +4 ring of evasion (left hand)
Wands
 y - a wand of polymorph (6)
Scrolls
 i - a scroll of holy word {unknown}
 k - 3 scrolls of enchant weapon
 l - a scroll of fear {unknown}
 n - 4 scrolls of noise
 o - a scroll of magic mapping {unknown}
 t - a scroll of enchant armour
 v - a scroll of summoning {unknown}
 w - a scroll of immolation {unknown}
 x - a scroll of blinking {unknown}
Potions
 a - 2 potions of haste
 c - 2 potions of heal wounds
 d - a potion of degeneration {unknown}
 g - 3 potions of lignification
 m - 3 potions of curing
 q - 2 potions of brilliance
 u - a potion of magic {unknown}
Miscellaneous
 e - a piece from Xom's chessboard (15/15)


   Skills:
 + Level 4.6 Fighting
 + Level 7.6 Maces & Flails
 - Level 2.0 Armour
 + Level 4.5 Dodging
 - Level 1.0 Stealth
 * Level 1.2 Spellcasting
 * Level 1.1 Necromancy
 + Level 5.3 Evocations


You had 3 spell levels left.
You knew the following spells:

 Your Spells              Type           Power      Damage    Failure   Level
a - Pain                  Necr           16%        1d4       19%         1
b - Dispel Undead         Necr           4%         3d7       87%         4
c - Blink                 Tloc           2%         N/A       41%         2

Your spell library contained the following spells:

 Spells                   Type           Power      Damage    Failure   Level
 Animate Skeleton         Necr           8%         N/A       19%         1
 Corpse Rot               Necr/Air       4%         N/A       34%         2
 Vampiric Draining        Necr           4%         2d6       47%         3
 Gell's Gravitas          Tloc           1%         N/A       65%         3
 Teleport Other           Tloc           1%         N/A       65%         3
 Airstrike                Air            0%         N/A       96%         4
 Summon Lightning Spire   Summ/Air       1%         N/A       96%         4
 Lightning Bolt           Conj/Air       0%         1d11      100%        5
 Manifold Assault         Tloc           1%         N/A       100%        5
 Death Channel            Necr           2%         N/A       100%        6
 Dispersal                Tloc           0%         N/A       100%        6
 Storm Form               Tmut/Air       0%         N/A       100%        7


Dungeon Overview and Level Annotations

Branches:
Dungeon (8/15)             Temple (1/1) D:7          Bailey (1/1)
   Lair: D:8-11

Altars:
Ashenzari
Cheibriados
Dithmenos
Elyvilon
Fedhas
Gozag
Hepliaklqana
Makhleb
Okawaru
Qazlal
Ru
Sif Muna
Trog
Uskayaw
Vehumet
Wu Jian
Xom
Yredelemnul
Zin

Shops:
D:2 [

Annotations:
D:2 exclusion: downstairs
D:4 2 transporters
D:7 exclusion: shadow


Message History

An orc comes into view. It is wielding a +0 war axe.
A hobgoblin comes into view. It is wielding a +0 hand axe.
You hear a shout!
There is an open door here.
An orc, an orc warrior and a gnoll come into view.
The orc moves out of view.
There is an open door here.
The gnoll shouts!
You sock the orc!
You kill the orc!
The orc shouts!
The goblin barely misses you.
The hobgoblin hits you with a +0 hand axe!
There is an open door, spattered with blood here.
Things that are here:
a +0 war axe; a +0 leather armour The hobgoblin shouts!
You hit the goblin.
You kill the goblin!
You closely miss the orc warrior. The orc warrior misses you.
You sock the orc warrior!
The orc warrior is moderately wounded.
The orc warrior hits you with a +0 war axe!
You hit the orc warrior.
The orc warrior is heavily wounded.
The orc warrior hits you with a +0 war axe!
You hit the orc warrior.
The orc warrior is severely wounded.
The orc warrior hits you with a +0 war axe!
You hit the orc warrior but do no damage.
The orc warrior is severely wounded.
The orc warrior hits you with a +0 war axe!
* * * LOW HITPOINT WARNING * * *
You barely miss the orc warrior. Your punch misses the orc warrior.
The orc warrior is severely wounded.
The orc warrior completely misses you.
You closely miss the orc warrior.
The orc warrior is severely wounded.
The orc warrior hits you with a +0 war axe!
You die...

♣##'''##♣ ##.....##
#.......#
##.......##
#.........#
#.........##
#.....⌠.....# #####
##......)..##.....#
+........@og......
##.......##g......
#.......# .......
##.....## o......
####### ...⌠...
....... .......
.......


You could see an orc warrior, a gnoll and a hobgoblin.

Vanquished Creatures
  Grinder (D:3)
  A steam dragon (D:7)
  Menkaure (D:4)
  An ice beast (D:4)
  A black bear (D:4)
  2 necrophages
  A centaur (D:7)
  A phantom (D:5)
  A bullfrog (D:8)
  4 howler monkeys (D:7)
  3 orc priests
  3 hounds
  An iguana (D:7)
  Natasha (thrice) (D:2)
  An orc wizard (D:7)
  A hound skeleton (D:4)
  A gnoll (D:3)
  3 howler monkey skeletons (D:7)
  3 adders
  A white imp (D:7)
  2 worms (D:2)
  A dart slug (D:3)
  12 orcs
  5 ball pythons
  8 endoplasms
  A giant cockroach (D:2)
  14 goblins
  2 hobgoblins
  A quokka (D:4)
  6 bats
  5 frilled lizards
  3 kobolds
  5 rats
99 creatures vanquished.

Vanquished Creatures (collateral kills)
  A scorpion (D:5)
  A hound (D:5)
  An adder (D:4)
  A gnoll (D:3)
  4 orcs
  A hobgoblin (D:4)
  A quokka (D:4)
10 creatures vanquished.

Vanquished Creatures (others)
  An ogre (D:5)
  An orc priest (D:5)
  2 gnolls (D:3)
  2 adders
  2 fungi (D:2)
  A plant (D:2)
9 creatures vanquished.

Grand Total: 118 creatures vanquished

Notes
Turn   | Place    | Note
-------+----------+-------------------------------------------
     0 | D:1      | H0rd4k the Human Artificer began the quest for the Orb.
     0 | D:1      | Reached XP level 1. HP: 15/15 MP: 1/1
   355 | D:1      | Reached XP level 2. HP: 21/21 MP: 2/2
  1119 | D:1      | Reached XP level 3. HP: 25/26 MP: 3/3
  1458 | D:2      | Reached skill level 1 in Maces & Flails
  1944 | D:2      | Noticed Natasha
  1952 | D:2      | Killed Natasha
  1953 | D:2      | Reached XP level 4. HP: 11/32 MP: 4/4
  2357 | D:2      | Found a faded altar of an unknown god.
  2397 | D:2      | Reached skill level 2 in Maces & Flails
  2461 | D:2      | Found Nesi Kilo's Antique Armour Emporium.
  3137 | D:2      | Noticed Natasha
  3143 | D:2      | Killed Natasha
  3144 | D:2      | Reached XP level 5. HP: 25/37 MP: 5/5
  3296 | D:3      | Noticed Grinder
  3304 | D:3      | Paralysed by Grinder for 4 turns
  3932 | D:4      | Noticed a black bear
  4028 | D:4      | Reached skill level 3 in Maces & Flails
  4254 | D:4      | Reached XP level 6. HP: 20/44 MP: 6/6
  4668 | D:4      | Found a transporter.
  4736 | D:4      | Noticed an ice beast
  4741 | D:4      | Killed an ice beast
  4742 | D:4      | Reached skill level 4 in Maces & Flails
  4872 | D:5      | Entered Level 5 of the Dungeon
  4906 | D:5      | Noticed a necrophage
  4984 | D:5      | Killed a necrophage
  4985 | D:5      | Reached XP level 7. HP: 4/44 MP: 7/7
  5393 | D:4      | Reached skill level 5 in Maces & Flails
  5671 | D:4      | Noticed Menkaure
  5678 | D:4      | HP: 1/48 [Menkaure/nerve-wracking pain (6)]
  5680 | D:4      | Killed Menkaure
  6067 | D:4      | Reached XP level 8. HP: 57/57 MP: 8/8
  6135 | D:4      | Found a transporter.
  6304 | D:3      | Killed Grinder
  6305 | D:3      | Reached skill level 6 in Maces & Flails
  6305 | D:3      | Reached skill level 5 in Evocations
  6408 | D:2      | Noticed Natasha
  6421 | D:2      | Killed Natasha
  7607 | D:6      | Found an opulent altar of Gozag.
  7716 | D:7      | Reached skill level 7 in Maces & Flails
  7742 | D:7      | Reached XP level 9. HP: 19/65 MP: 9/9
  7751 | D:7      | Learned a level 1 spell: Pain
  7868 | D:7      | Learned a level 4 spell: Dispel Undead
  8195 | D:7      | Found a staircase to the Ecumenical Temple.
  8206 | Temple   | Entered the Ecumenical Temple
  8584 | D:7      | Reached skill level 1 in Spellcasting
  9061 | D:7      | You fall into a shaft and drop 1 floor!
  9114 | D:8      | Reached skill level 1 in Necromancy
  9249 | D:8      | Noticed a deep elf pyromancer
  9252 | D:8      | Noticed a rakshasa
  9330 | D:8      | Found a flagged portal.
  9352 | D:8      | Learned a level 2 spell: Blink
  9353 | Bailey   | Entered a bailey
  9449 | Bailey   | Slain by an orc warrior

Illustrated notes

Levels and vault maps discovered:
D:1:      lightli_arrival_isolated_outpost, layout_loops_corners
D:2:      layout_basic, serial_shops, shop,
          shapermc_ecumenical_altar_mp_ritualfount, uniq_natasha
D:3:      layout_basic, uniq_grinder
D:4:      gammafunk_wand_slinger, layout_basic, uniq_menkaure
D:5:      layout_loops_cross, tso_oasis_becter
D:6:      layout_cave_pods, nemelex_spade_bored_becter, grunt_gozag_breadcrumbs,
          serial_shops, shop, chequers_serial_rivers_micro_a
D:7:      layout_loops_ring, minmay_temple_entry_ruins
D:8:      layout_layer_cave, enter_bailey_3
Temple:   dpeg_five_rooms_temple
Bailey:   bailey_axe_minmay_hex_keep, bailey

Skill      XL: |  1  2  3  4  5  6  7  8  9 |
---------------+----------------------------+-----
Maces & Flails | 1 2 3 4 5 7 |  7.6
Dodging        | 2 3 4 |  4.5
Evocations     | 4 5 |  5.3
Fighting       | 2 4 |  4.6
Spellcasting   | 1 |  1.2
Necromancy     | 1 |  1.1
Armour         | |  2.0
Stealth        | |  1.0

Action                   |  1- 3 |  4- 6 |  7- 9 || total
-------------------------+-------+-------+-------++-------
Melee: Club              |     9 |       |       ||     9
       Mace              |    93 |   126 |   253 ||   472
       Punch             |     4 |     2 |     4 ||    10
Evoke: Wand              |     2 |    25 |    13 ||    40
       Piece from Xom's  |       |       |     2 ||     2
  Use: Scroll            |       |       |    10 ||    10
 Stab: Sleeping          |     2 |     1 |       ||     3
       Paralysed         |       |       |    29 ||    29
Armor: Leather armour    |    35 |    27 |    35 ||    97
Dodge: Dodged            |    65 |    93 |   165 ||   323
